 Dungeon Crawl Stone Soup version 0.28-a0-537-g3bccd9ccbf (webtiles) character file.

Game seed: 16229857726925570348

408 sanka the Distorting Palentonga (level 6, -3/50 HPs)
             Began as a Palentonga Abyssal Knight on Sept 27, 2021.
             Was a Believer of Lugonu.
             Slain by an ogre (28 damage)
             ... on level 4 of the Dungeon.
             The game lasted 00:05:01 (4921 turns).

sanka the Distorting Palentonga (PaAK)              Turns: 4921, Time: 00:05:02

Health: -3/50      AC:  7    Str: 18    XL:     6   Next: 57%
Magic:  11/11      EV:  9    Int: 11    God:    Lugonu [**....]
Gold:   146        SH:  0    Dex: 10    Spells: 5/5 levels left

rFire   . . .      SeeInvis +   a - +2 dagger (venom)
rCold   . . .      Faith    .   (no shield)
rNeg    . . .      Spirit   .   k - +0 leather armour
rPois   .          Reflect  .   i - +2 helmet
rElec   .          Harm     .   (no cloak)
rCorr   .          Rampage  .   (no gloves)
Will    .....                   (no barding)
Stlth   +.........              (no amulet)
HPRegen 0.16/turn               (no ring)
MPRegen 0.12/turn               (no ring)

@: no status effects
A: large, rugged brown scales 3, see invisible, deformed body, roll 1, armoured
tail
a: Rolling Charge, Renounce Religion, Depart the Abyss, Bend Space


You were on level 4 of the Dungeon.
You worshipped Lugonu.
Lugonu was pleased with you.
You visited 1 branch of the dungeon, and saw 4 of its levels.
You visited the Abyss 1 time.

You collected 146 gold pieces.


Innate Abilities, Weirdness & Mutations

You are completely covered in rugged brown scales. (AC +3, +7% HP)
You have supernaturally acute eyesight. (SInv)
Armour fits poorly on your strangely shaped body.
You can roll at nearby foes to attack.
You have a long armoured tail.


   Skills:
 - Level 3.0 Fighting
 - Level 2.0 Axes
 - Level 1.5 Armour
 - Level 0.7 Dodging
 + Level 7.8 Invocations


You had 5 spell levels left.
You didn't know any spells.
Your spell library contained the following spells:

 Spells                   Type           Power      Damage    Failure   Level
 Passage of Golubria      Tloc           N/A        N/A       99%         4
 Silence                  Hex/Air        0%         N/A       100%        5
 Lehudib's Crystal Spear  Conj/Erth      0%         10d2      100%        8

Inventory:

Hand Weapons
 a - a +2 dagger of venom (weapon)
 b - a +0 morningstar
 l - a +1 hand axe
 q - a +2 short sword of draining
Armour
 i - a +2 helmet (worn)
 k - a +0 leather armour (worn)
Jewellery
 o - a ring of positive energy
Scrolls
 c - 2 scrolls of vulnerability {unknown}
 d - a scroll of noise {unknown}
 e - a scroll of holy word {unknown}
 f - 7 scrolls of teleportation {unknown}
 g - 2 scrolls of amnesia {unknown}
 j - a scroll of enchant armour {unknown}
Potions
 h - a potion of attraction {unknown}
 m - a potion of flight
 n - a potion of resistance {unknown}
 p - a potion of magic {unknown}

Dungeon Overview and Level Annotations

Branches:
Dungeon (4/15)
 Temple: D:4-7

Altars:
Gozag

.......▒.. .................
).....................▒▒▒▒.▒
▒▒▒.▒▒▒▒..▒▒..........▒▒
▒▒▒.▒▒▒▒..▒▒.▒▒▒▒▒▒....▒
..........▒▒.▒▒ ▒..▒+▒▒
.▒▒.▒▒.▒▒.▒▒..▒ ▒.....▒
..........▒▒..▒ ▒.....▒
.▒▒...........▒▒▒▒▒.....▒
..............ZOH....▒▒.▒▒
.▒▒▒▒▒.▒..▒▒..▒▒▒▒▒+▒▒▒..▒+▒...
.▒ ▒.▒▒.▒▒...................
....▒▒...........................
.....▒.▒▒▒▒▒.....................
.....▒.▒ ▒............▒..▒.....
........ ▒!.▒▒▒▒▒▒▒...▒..▒.....
...▒.▒.▒ ▒..▒ ▒...▒▒.▒▒....
........ +......▒▒....


You could see an ogre and a water moccasin skeleton.


Message History

The water moccasin skeleton is lightly damaged.
The water moccasin skeleton bites you.
The water moccasin skeleton bites you but does no damage.
The water moccasin skeleton bites you.
The water moccasin skeleton bites you but does no damage.
The water moccasin skeleton closely misses you.
The water moccasin skeleton bites you. The water moccasin skeleton bites you.
Found a dark potion.
The water moccasin skeleton closely misses you.
Your +2 dagger of venom stops dripping with poison.
b - a +0 morningstar (weapon)
The water moccasin skeleton bites you.
* * * LOW HITPOINT WARNING * * *
You puncture the water moccasin skeleton!
The water moccasin skeleton is moderately damaged.
The water moccasin skeleton bites you but does no damage.
You hit the water moccasin skeleton.
The water moccasin skeleton is moderately damaged.
The water moccasin skeleton barely misses you.
You thump the ogre!
The ogre is moderately wounded.
The ogre closely misses you.
Your +2 dagger of venom begins to drip with poison!
a - a +2 dagger of venom (weapon)
You hit the ogre.
The ogre is heavily wounded.
The ogre hits you with a +0 giant spiked club!!
Ouch! That really hurt!
You die...

Action                   |  1- 3 |  4- 6 || total
-------------------------+-------+-------++-------
Melee: Hand axe          |   118 |     6 ||   124
       Tailslap          |     4 |     6 ||    10
       Unarmed           |     1 |     6 ||     7
       Dagger            |       |   106 ||   106
       Morningstar       |       |     6 ||     6
Invok: Depart the Abyss  |     1 |       ||     1
 Abil: Rolling Charge    |     3 |     7 ||    10
  Use: Potion            |     3 |       ||     3
Armor: Leather armour    |    50 |    54 ||   104
       Skin              |     1 |     3 ||     4
Dodge: Dodged            |    48 |    46 ||    94

Levels and vault maps discovered:
D:1:      ncdulo_wetmaze, layout_loops_ring, hellmonk_ecumenical_altar_run_dry,
          minmay_misc_feat_four_crosses
D:2:      layout_basic, chequers_arboretum
D:3:      layout_loops_ring, nicolae_gozag_cash_rules_everything_around_me,
          minmay_shallow_snake_nest
D:4:      layout_basic, slow_altar_2

Notes
Turn   | Place    | Note
-------+----------+-------------------------------------------
     0 | Abyss:1  | sanka the Palentonga Abyssal Knight began the quest for the
                  | Orb.
     0 | Abyss:1  | Reached XP level 1. HP: 19/19 MP: 2/2
    70 | Abyss:1  | Noticed an efreet
    76 | Abyss:1  | Noticed a hellwing
    78 | D:1      | Escaped the Abyss
   863 | D:1      | Reached XP level 2. HP: 18/25 MP: 4/4
   980 | D:1      | Reached skill level 3 in Invocations
  1140 | D:1      | Reached * piety under Lugonu
  1310 | D:1      | Found a faded altar of an unknown god.
  1914 | D:2      | Reached skill level 4 in Invocations
  1914 | D:2      | Reached XP level 3. HP: 29/31 MP: 4/6
  1986 | D:2      | HP: 2/31 [poisoned by an adder]
  2397 | D:2      | HP: 3/31 [orc wizard/puff of flame (7)]
  2403 | D:2      | Reached XP level 4. HP: 7/37 MP: 7/7
  3083 | D:3      | Reached skill level 5 in Invocations
  3518 | D:3      | Found an opulent altar of Gozag.
  4244 | D:4      | Reached XP level 5. HP: 43/43 MP: 9/9
  4260 | D:4      | Reached ** piety under Lugonu
  4327 | D:4      | Reached skill level 6 in Invocations
  4465 | D:4      | Reached skill level 7 in Invocations
  4465 | D:4      | Reached XP level 6. HP: 11/50 MP: 11/11
  4921 | D:4      | Slain by an ogre

Vanquished Creatures
  2 scorpions (D:4)
  An orc priest (D:4)
  A centaur skeleton (D:4)
  3 orc wizards
  An iguana (D:4)
  6 adders
  13 orcs
  10 ball pythons
  4 endoplasms
  A giant cockroach (D:3)
  9 goblins
  5 hobgoblins
  5 quokkas
  4 bats
  A frilled lizard (D:2)
  3 kobolds (D:1)
  5 rats (D:1)
74 creatures vanquished.
